 Dungeon Crawl Stone Soup version 0.28.0-45-g0d030f2227 (webtiles) character file.

Game seed: 3231357464483506778

106 Descartes the Grasshopper (level 5, -5/38 HPs)
             Began as a Formicid Warper on Apr 12, 2022.
             Slain by an ogre
             ... wielding a +0 giant club
              (15 damage)
             ... on level 3 of the Dungeon.
             The game lasted 00:02:59 (3063 turns).

Descartes the Grasshopper (Formicid Warper)         Turns: 3063, Time: 00:03:00

Health: -5/38      AC: 11    Str: 23    XL:     5   Next: 10%
Magic:  17/17      EV:  7    Int: 13    God:
Gold:   125        SH:  0    Dex: 10    Spells: 8/8 levels left

rFire   . . .      SeeInvis +   a - +0 hand axe
rCold   . . .      Faith    .   (no shield)
rNeg    . . .      Spirit   .   e - +0 plate armour
rPois   .          Reflect  .   (helmet unavailable)
rElec   .          Harm     .   (no cloak)
rCorr   .          Rampage  .   (no gloves)
Will    .....                   (no boots)
Stlth   ..........              (no amulet)
HPRegen 0.12/turn               t - ring of magical power
MPRegen 0.15/turn               u - +6 ring of strength

@: no status effects
A: permanent stasis, dig shafts and tunnels, antennae 3, four strong arms
a: Dig, Shaft Self


You were on level 3 of the Dungeon.
You visited 1 branch of the dungeon, and saw 3 of its levels.

You collected 125 gold pieces.

Inventory:

Hand Weapons
 a - a +0 hand axe (weapon)
Missiles
 b - 20 sling bullets
 c - 5 boomerangs of dispersal (quivered)
 d - 4 stones
 h - 57 arrows
 i - 17 bolts
 k - 4 javelins
Armour
 e - a +0 plate armour (worn)
Jewellery
 t - a ring of magical power (left hand)
 u - a +6 ring of strength (right hand)
Scrolls
 g - 2 scrolls of fog {unknown}
 j - a scroll of enchant weapon {unknown}
 l - 2 scrolls of immolation {unknown}
 n - a scroll of magic mapping {unknown}
 o - 2 scrolls of amnesia {unknown}
 p - a scroll of silence {unknown}
 s - a scroll of holy word {unknown}
Potions
 f - a potion of berserk rage {unknown}
 m - 2 potions of lignification {unknown}
 q - a potion of curing {unknown}
 r - a potion of might {unknown}


   Skills:
 - Level 2.1 Fighting
 + Level 3.2 Axes
 - Level 1.0 Throwing
 + Level 2.9 Armour
 - Level 1.7 Dodging
 - Level 2.1 Spellcasting
 + Level 3.5 Translocations


You had 8 spell levels left.
You didn't know any spells.
Your spell library contained the following spells:

 Spells                   Type           Power      Damage    Failure   Level
 Gell's Gravitas          Tloc           10%        N/A       98%         3
 Lesser Beckoning         Tloc           10%        N/A       98%         3
 Teleport Other           Tloc           10%        N/A       98%         3
 Call Canine Familiar     Summ           1%         N/A       100%        3
 Portal Projectile        Hex/Tloc       10%        N/A       100%        3
 Leda's Liquefaction      Hex/Erth       0%         N/A       100%        4
 Manifold Assault         Tloc           10%        N/A       100%        5
 Blink                    Tloc           Unusable   N/A       N/A         2

Dungeon Overview and Level Annotations

Branches:
Dungeon (3/15)

Altars:
Okawaru
Qazlal


Innate Abilities, Weirdness & Mutations

You cannot be hasted, slowed, berserked, paralysed or teleported.
You can dig through walls and to a lower floor.
You have a pair of large antennae on your head. (SInv)
Your four strong arms can wield two-handed weapons with a shield.


Message History

The ogre shouts!
Found a stone staircase leading down.
You barely miss the ogre. The ogre barely misses you.
You hit the ogre.
The ogre is lightly wounded.
The ogre hits you with a +0 giant club!
You barely miss the ogre.
The ogre is lightly wounded.
The ogre barely misses you.
You barely miss the ogre.
The ogre is lightly wounded.
The ogre barely misses you.
You slash the ogre!
The ogre is moderately wounded.
You hit the ogre.
The ogre is moderately wounded.
The ogre barely misses you.
You hit the ogre.
The ogre is heavily wounded.
The ogre completely misses you.
You hit the ogre but do no damage.
The ogre is heavily wounded.
The ogre barely misses you.
You hit the ogre.
The ogre is heavily wounded.
The ogre closely misses you.
You slash the ogre!
The ogre is severely wounded.
The ogre hits you with a +0 giant club!!
Ouch! That really hurt!
* * * LOW HITPOINT WARNING * * *
You are too injured to fight recklessly!
You are too injured to fight recklessly!
You are too injured to fight recklessly!
You are too injured to fight recklessly!
You are too injured to fight recklessly!
You closely miss the ogre.
The ogre is severely wounded.
The ogre hits you with a +0 giant club!
You die...

##.....##
#.#### ##
##...## #.# #.
##+## #.# #. #
#.# # #. #.#
##.# ######.#
##...##......#
#.
##.....#.######
## >.....O@.#
####.#####


You could see an ogre.

Vanquished Creatures
  5 adders
  2 worms (D:3)
  3 dart slugs
  2 endoplasms (D:1)
  A giant cockroach (D:3)
  7 goblins
  2 hobgoblins
  4 quokkas
  6 ball pythons
  11 bats
  3 frilled lizards
  3 kobolds
  3 rats
52 creatures vanquished.

Notes
Turn   | Place    | Note
-------+----------+-------------------------------------------
     0 | D:1      | Descartes the Formicid Warper began the quest for the Orb.
     0 | D:1      | Reached XP level 1. HP: 16/16 MP: 3/3
   555 | D:1      | Reached XP level 2. HP: 22/22 MP: 5/5
   659 | D:1      | Found a faded altar of an unknown god.
  1157 | D:1      | Reached XP level 3. HP: 27/27 MP: 6/6
  1617 | D:2      | Reached XP level 4. HP: 33/33 MP: 7/7
  1621 | D:2      | Found an iron altar of Okawaru.
  2531 | D:3      | Found a stormy altar of Qazlal.
  2640 | D:3      | Reached XP level 5. HP: 38/38 MP: 8/8
  3051 | D:3      | Noticed an ogre
  3063 | D:3      | Slain by an ogre

Illustrated notes

Levels and vault maps discovered:
D:1:      dpeg_arrival_subterranean_lakeside_camping, layout_basic,
          shapermc_ecumenical_altar_notcrosses
D:2:      layout_basic, basic_altar, minmay_crystal_room
D:3:      layout_loops_corners, nicolae_qazlal_scattered_showers,
          patterned_corridor

Skill      XL: |  1  2  3  4 |
---------------+-------------+-----
Translocations | 3 |  3.5
Armour         | 2 |  2.9
Axes           | 3 |  3.2
Fighting       | |  2.1
Throwing       | |  1.0
Dodging        | |  1.7
Spellcasting   | |  2.1

Action                   |  1- 3 |  4- 6 || total
-------------------------+-------+-------++-------
Melee: Hand axe          |    99 |   103 ||   202
       Punch             |     1 |       ||     1
Armor: Leather armour    |     4 |       ||     4
       Plate armour      |    72 |    63 ||   135
Dodge: Dodged            |    43 |    36 ||    79
